 Dungeon Crawl Stone Soup version 0.31-a0-370-g25055926c8 (webtiles) character file.

Game seed: 3834502535322273662

57 AdnanSaban the Covered (level 4, -3/28 HPs)
             Began as a Gargoyle Fighter on July 29, 2023.
             Slain by Sigmund
             ... wielding a +0 scythe
              (5 damage)
             ... on level 2 of the Dungeon.
             The game lasted 00:01:27 (1764 turns).

AdnanSaban the Covered (Gargoyle Fighter)           Turns: 1764, Time: 00:01:27

Health: -3/28      AC: 10    Str: 21    XL:     4   Next: 0%
Magic:  4/4        EV:  9    Int:  9    God:
Gold:   133        SH:  4    Dex:  9    Spells: 3/3 levels left

rFire   + + .        a - +0 flail
rCold   . . .        c - +0 buckler
rNeg    + . .        b - +0 scale mail
rPois   ∞            (no helmet)
rElec   +            i - scarf {rC+ rF+}
rCorr   .            (no gloves)
SInv    .            (no boots)
Will    .....        (no amulet) Stlth
                     n - ring of fire
HPRegen 0.24/turn    (no ring)
MPRegen 0.09/turn

%: no passive effects
@: no status effects
A: sickness immunity, AC +3, negative energy resistance 1, electricity
resistance, torment resistance 1, petrification resistance
a: no special abilities


You were on level 2 of the Dungeon.
You visited 1 branch of the dungeon, and saw 2 of its levels.

You collected 133 gold pieces.

Inventory:

Hand Weapons
 a - a +0 flail (weapon)
Missiles
 m - 18 stones
 p - 2 poisoned darts
Armour
 b - a +0 scale mail (worn)
 c - a +0 buckler (worn)
 i - a scarf of resistance (worn)
Jewellery
 n - a ring of fire (left hand)
Scrolls
 f - a scroll of vulnerability {unknown}
 g - a scroll of butterflies {unknown}
 h - a scroll of amnesia {unknown}
 l - a scroll of poison {unknown}
 o - a scroll of brand weapon {unknown}
Potions
 d - a potion of might
 e - a potion of haste {unknown}
 j - a potion of heal wounds {unknown}
 k - a potion of curing {unknown}


   Skills:
 + Level 3.6 Fighting
 + Level 2.6 Maces & Flails
 + Level 3.9 Armour
 + Level 0.9 Dodging
 + Level 3.6 Shields


You had 3 spell levels left.
You didn't know any spells.
Your spell library was empty.

Dungeon Overview and Level Annotations

Branches:
Dungeon (2/15)

Altars:

Annotations:
D:2 1 runed translucent door, Crazy Yiuf, Sigmund


Innate Abilities, Weirdness & Mutations

You are immune to sickness and miasma.
Your stone body is resilient. (AC +3)
You are immune to poison.
You resist negative energy. (rN+)
You are resistant to electric shocks. (rElec)
You are resistant to unholy torment.
You are immune to petrification.


Message History

No target in view!
You are confused.
You bump into the rock wall.
You hear a zap.
A puff of flame appears from out of thin air!
The puff of flame hits you. You resist.
You bump into the rock wall.
You hear some strange, mumbled words.
You are more confused.
You're too confused to move!
Something hits you!
You're too confused to move!
Something hits you but does no damage.
You bump into the rock wall.
You're too confused to move!
You hear a zap.
A puff of flame appears from out of thin air!
The puff of flame hits you. You resist.
You bump into the rock wall.
Something hits you!
You bump into the rock wall.
You hear some strange, mumbled words.
Something tries to affect you, but you resist.
You bump into the rock wall.
You feel less confused. Something hits you!
* * * LOW HITPOINT WARNING * * *
You closely miss something. You block something's attack.
You closely miss something. Something hits you but does no damage.
You closely miss something. Something hits you.
* * * LOW HITPOINT WARNING * * *
You miss something.
You hear a zap.
A puff of flame appears from out of thin air!
The puff of flame hits you. You resist.
* * * LOW HITPOINT WARNING * * *
You barely miss something. Something hits you but does no damage.
You barely miss something.
You hear a zap.
A puff of flame appears from out of thin air!
The puff of flame misses you.
You miss something. Something hits you.
You die...

.#####.# ....##.#
#.# ###.##.# #.#
..#.##.# #.#
..#.##.# #.#
###.##.#########.#
.........†......>#
######.#########{#
........# #@#
........# #.#
#######.# #.#
#.########.#
#...##.....######
###.............#
###....††.....#
#####
#............#
#...#
#.#).?.......#


There were no monsters in sight!

Vanquished Creatures
  2 adders (D:2)
  A dart slug (D:2)
  3 ball pythons (D:1)
  2 endoplasms (D:1)
  3 giant cockroaches
  4 goblins (D:1)
  A hobgoblin (D:2)
  2 jackals (D:1)
  A quokka (D:1)
  6 bats
  5 kobolds
  6 rats
36 creatures vanquished.

Notes
Turn   | Place    | Note
-------+----------+-------------------------------------------
     0 | D:1      | AdnanSaban the Gargoyle Fighter began the quest for the
                  | Orb.
     0 | D:1      | Reached XP level 1. HP: 14/14 MP: 1/1
   104 | D:1      | Reached XP level 2. HP: 16/19 MP: 2/2
   822 | D:1      | Reached XP level 3. HP: 23/23 MP: 3/3
  1347 | D:2      | Found a runed translucent door.
  1348 | D:2      | Noticed Crazy Yiuf
  1434 | D:2      | Found a faded altar of an unknown god.
  1738 | D:2      | Reached XP level 4. HP: 28/28 MP: 4/4
  1741 | D:2      | Noticed Sigmund
  1761 | D:2      | HP: 1/28 [something/puff of flame (1)]
  1764 | D:2      | Slain by Sigmund

Illustrated notes

Levels and vault maps discovered:
D:1:      dpeg_arrival_another_circle, layout_loops_corners
D:2:      layout_basic, dreamdust_ecumenical_altar_sealed_demon, minivault_23,
          uniq_sigmund, uniq_crazy_yiuf_cottage

Action                     |  1- 3 |  4- 6 || total
---------------------------+-------+-------++-------
  Melee: Flail             |   125 |     7 ||   132
 Armour: Scale mail        |    79 |     4 ||    83
  Dodge: Dodged            |    71 |     1 ||    72
  Block: Buckler           |    30 |     1 ||    31

Table legend: (Time is in decaauts)
 A = Elapsed time spent in this place.
 B = Non-inter-level travel time spent in this place.
 C = Inter-level travel time spent in this place.
 D = Time resting spent in this place.
 E = Time spent auto-exploring this place.
 F = Levels seen in this place.
 G = Mean time per level.
                   A        B        C        D        E       F      G
               +--------+--------+--------+--------+--------+-----+--------+
         Total |   1804 |   1730 |     74 |      0 |   1401 |   2 |  902.0 |
       Dungeon |   1804 |   1730 |     74 |      0 |   1401 |   2 |  902.0 |
               +--------+--------+--------+--------+--------+-----+--------+

Top non-repeatable levels by time:
     D:1: 1309 daAuts
     D:2: 495 daAuts
